 Dungeon Crawl Stone Soup version 0.30.1-9-gdf580d7c3d (webtiles) character file.

Game seed: 7292986935560965565

2808 Ivernyr the Blocker (level 10, -4/79 HPs)
             Began as a Formicid Fighter on Oct 7, 2023.
             Was a Follower of Wu Jian.
             Blown up by Pikel (8 damage)
             ... with a mindburst bolt
             ... on level 8 of the Dungeon.
             The game lasted 00:20:53 (7426 turns).

Ivernyr the Blocker (Formicid Fighter)              Turns: 7426, Time: 00:20:53

Health: -4/79      AC: 16    Str: 22    XL:     10   Next: 2%
Magic:  10/10      EV:  9    Int:  7    God:    Wu Jian [*.....]
Gold:   530        SH:  7    Dex: 23    Spells: 9/9 levels left

rFire   . . .        a - +0 long sword
rCold   . . .        c - +0 buckler
rNeg    . . .        b - +0 scale mail
rPois   .            (helmet unavailable)
rElec   .            C - +2 cloak {Stlth+}
rCorr   .            E - +0 pair of gloves
SInv    +            (no boots)
Will    +....        (no amulet)
Stlth   ++           z - +4 ring of protection
HPRegen 0.33/turn    g - +6 ring of dexterity
MPRegen 0.12/turn

%: no passive effects
@: no status effects
A: permanent stasis, dig shafts and tunnels, antennae 3, four strong arms
a: Dig, Shaft Self, Renounce Religion


You were on level 8 of the Dungeon.
You worshipped Wu Jian.
Wu Jian was aware of your devotion.
You visited 1 branch of the dungeon, and saw 8 of its levels.

You collected 530 gold pieces.

Inventory:

Hand Weapons
 a - a +0 long sword (weapon)
Missiles
 f - 2 throwing nets
Armour
 b - a +0 scale mail (worn)
 c - a +0 buckler (worn)
 C - a +2 cloak of stealth (worn)
 E - a +0 pair of gloves (worn)
Jewellery
 e - a ring of positive energy
 g - a +6 ring of dexterity (right hand)
 z - a +4 ring of protection (left hand)
 K - an amulet of reflection
 M - a ring of ice
Wands
 v - a wand of polymorph (13)
 y - a wand of roots (6)
 B - a wand of charming (6)
 J - a wand of quicksilver (7)
 L - a wand of digging (1)
Scrolls
 h - 2 scrolls of magic mapping {unknown}
 i - 3 scrolls of fog {unknown}
 k - 2 scrolls of noise {unknown}
 l - 7 scrolls of identify {unknown}
 m - a scroll of acquirement {unknown}
 r - a scroll of fear {unknown}
 s - 2 scrolls of torment {unknown}
 t - 2 scrolls of amnesia {unknown}
 u - 2 scrolls of vulnerability {unknown}
 w - a scroll of blinking {unknown}
 x - a scroll of teleportation {unknown}
 F - a scroll of brand weapon {unknown}
 I - a scroll of silence {unknown}
Potions
 d - a potion of might
 j - a potion of invisibility {unknown}
 n - a potion of haste {unknown}
 o - a potion of curing {unknown}
 p - a potion of resistance {unknown}
 q - 2 potions of attraction
 A - a potion of ambrosia {unknown}
 D - a potion of flight {unknown}
 G - a potion of heal wounds
 H - 3 potions of degeneration {unknown}


   Skills:
 + Level 7.2 Fighting
 * Level 8.5 Long Blades
 + Level 7.2 Armour
 + Level 8.6 Shields


You had 9 spell levels left.
You didn't know any spells.
Your spell library contained the following spells:

 Spells                   Type           Power      Damage    Failure   Level
 Slow                     Hex            0%         N/A       78%         1
 Confusing Touch          Hex            0%         N/A       98%         3
 Ozocubu's Armour         Ice            0%         N/A       98%         3
 Vampiric Draining        Necr           0%         2d6       98%         3
 Ozocubu's Refrigeration  Ice            0%         4d7       100%        7


Dungeon Overview and Level Annotations

Branches:
Dungeon (8/15)             Temple (0/1) D:6
   Lair: D:8-11

Altars:
Ashenzari
Elyvilon
Gozag
Nemelex Xobeh
Okawaru
Sif Muna
Vehumet
Wu Jian
Xom
Zin
The Shining One

Shops:
D:7 *

Annotations:
D:4 1 runed translucent door, Madon's ghost, amateur HOFi
D:8 Pikel


Innate Abilities, Weirdness & Mutations

You cannot be hasted, slowed, berserked, paralysed or teleported.
You can dig through walls and to a lower floor.
You have a pair of large antennae on your head. (SInv)
Your four strong arms can wield two-handed weapons with a shield.


Message History

You hit Pikel.
Pikel is heavily wounded.
Pikel hits you but does no damage.
You hit Pikel but do no damage.
Pikel is heavily wounded.
Pikel drinks a potion.
Pikel seems to grow stronger.
You slash Pikel!
Pikel is severely wounded.
Pikel hits you with a +2 whip of freezing!
Pikel freezes you.
You hit Pikel.
Pikel is severely wounded.
Pikel hits you with a +2 whip of freezing.
Pikel freezes you.
You barely miss Pikel.
Pikel is severely wounded.
Pikel barely misses you.
You hit Pikel but do no damage.
Pikel is severely wounded.
You block Pikel's attack.
You hit Pikel but do no damage.
Pikel is severely wounded.
Pikel zaps a wand.
Your mind is blasted!
You hit Pikel.
Pikel is almost dead.
Pikel zaps a wand.
You resist with significant effort.
You barely miss Pikel.
Pikel is almost dead.
Pikel zaps a wand.
Your mind is blasted!
* * * LOW HITPOINT WARNING * * *
You hit Pikel but do no damage.
Pikel is almost dead.
Pikel hits you with a +2 whip of freezing!
* * * LOW HITPOINT WARNING * * *
Pikel freezes you.
* * * LOW HITPOINT WARNING * * *
You hit Pikel.
Pikel is almost dead.
Pikel zaps a wand.
Your mind is blasted!
You die...

.....# { ....# #
...#.# #..#.
#... #
##.#######.#
#.<........##.
#.#.)...K......$
#.......@..##
###.#.#.##.#
#.#.#..# #
#.#.#..#
#.#.#..#
..#.#..# #.#..#
#.####


You could see Pikel (strong).

Vanquished Creatures
  A two-headed ogre (D:8)
  Menkaure (D:6)
  A water moccasin (D:6)
  An ice beast (D:7)
  4 ogres
  4 lemures (D:7)
  A phantom (D:5)
  A kobold brigand (D:7)
  2 bullfrogs
  4 scorpions
  5 howler monkeys (D:7)
  7 hounds
  2 quasits (D:4)
  Crazy Yiuf (D:4)
  2 jellies
  A gnoll bouda (D:3)
  2 iguanas (D:4)
  2 sleepcaps
  An orc wizard (D:7)
  3 gnolls
  10 adders
  3 shadow imps (D:4)
  2 white imps (D:4)
  7 ufetubi
  4 worms
  2 dart slugs
  17 orcs
  8 endoplasms
  4 giant cockroaches
  8 goblins
  8 hobgoblins
  3 jackals (D:4)
  3 quokkas
  9 ball pythons
  9 bats
  6 frilled lizards
  14 kobolds
  4 rats
167 creatures vanquished.

Notes
Turn   | Place    | Note
-------+----------+-------------------------------------------
     0 | D:1      | Ivernyr the Formicid Fighter began the quest for the Orb.
     0 | D:1      | Reached XP level 1. HP: 18/18 MP: 1/1
    91 | D:1      | Reached XP level 2. HP: 21/24 MP: 2/2
   537 | D:1      | Reached XP level 3. HP: 25/29 MP: 3/3
  1166 | D:2      | Reached XP level 4. HP: 18/37 MP: 4/4
  1894 | D:3      | Found a radiant altar of Vehumet.
  1909 | D:3      | Found a glowing golden altar of the Shining One.
  2149 | D:3      | Reached XP level 5. HP: 29/42 MP: 5/5
  2504 | D:3      | Found a sparkling altar of Nemelex Xobeh.
  2717 | D:4      | Reached skill level 5 in Shields
  2747 | D:3      | Reached XP level 6. HP: 45/48 MP: 6/6
  3040 | D:4      | Found a broken altar of Ashenzari.
  3328 | D:4      | Reached XP level 7. HP: 55/55 MP: 7/7
  3335 | D:4      | Found a runed translucent door.
  3335 | D:4      | Noticed Madon's ghost (amateur HOFi)
  3654 | D:4      | Found an ornate altar of the Wu Jian Council.
  3678 | D:4      | Found a shimmering altar of Xom.
  3678 | D:4      | Found a shimmering blue altar of Sif Muna.
  3691 | D:4      | Reached skill level 5 in Long Blades
  3840 | D:4      | Found an iron altar of Okawaru.
  3840 | D:4      | Found a white marble altar of Elyvilon.
  3846 | D:4      | Became a worshipper of the Wu Jian Council
  3931 | D:4      | Found a runed translucent door.
  3932 | D:4      | Noticed Crazy Yiuf
  4092 | D:4      | Killed Crazy Yiuf
  4277 | D:4      | Reached skill level 5 in Fighting
  4509 | D:5      | Entered Level 5 of the Dungeon
  4546 | D:5      | Reached skill level 5 in Armour
  4704 | D:5      | Reached XP level 8. HP: 62/62 MP: 8/8
  5131 | D:5      | Reached * piety under Wu Jian
  5664 | D:6      | Reached XP level 9. HP: 18/69 MP: 9/9
  5985 | D:6      | Noticed Menkaure
  5990 | D:6      | Killed Menkaure
  6163 | D:6      | Found a staircase to the Ecumenical Temple.
  6582 | D:7      | Found a glowing silver altar of Zin.
  6622 | D:7      | Found an opulent altar of Gozag.
  6973 | D:7      | Found Wibaown's Overcharged Wands.
  7159 | D:8      | Noticed a two-headed ogre
  7165 | D:8      | Killed a two-headed ogre
  7166 | D:8      | Reached XP level 10. HP: 22/79 MP: 10/10
  7409 | D:8      | Noticed Pikel
  7426 | D:8      | Blown up by Pikel

Illustrated notes

Levels and vault maps discovered:
D:1:      tarquinn_simple_flora_water_c, layout_basic
D:2:      layout_rooms
D:3:      minmay_thinvault, layout_basic, lemuel_tele_altar,
          mainiacjoe_overflow_alcove_1, nemelex_altar_shiori
D:4:      layout_loops_ring, mainiacjoe_overflow_paths,
          grunt_temple_overflow_open, serial_demonic, serial_demonic_d,
          serial_demonic_a, serial_demonic_d, serial_demonic_c,
          ebering_ghost_inner_flame, uniq_crazy_yiuf_cottage
D:5:      wander_river, layout_basic
D:6:      layout_cave_pools, minmay_temple_entry_poolview, minmay_hedge_maze,
          uniq_menkaure
D:7:      layout_rooms, pdpol_temple_overflow_zin_treasury_gozag_greed,
          serial_curves, eino_curves_01, eino_curves_03, eino_curves_01,
          eino_curves_01, nicolae_shop_overcharged_wands
D:8:      layout_basic, mainiacjoe_overflow_chevrons, nrook_uturn,
          minmay_misc_feat_chi, uniq_joseph, uniq_pikel

Skill      XL: |  1  2  3  4  5  6  7  8  9 |
---------------+----------------------------+-----
Long Blades    | 3 4 5 6 8 |  8.5
Fighting       | 4 5 6 7 |  7.2
Armour         | 4 5 6 7 |  7.2
Shields        | 5 6 7 8 |  8.6

Action                     |  1- 3 |  4- 6 |  7- 9 | 10-12 || total
---------------------------+-------+-------+-------+-------++-------
  Melee: Long sword        |   113 |   232 |   355 |    41 ||   741
         Unarmed           |       |       |     8 |       ||     8
Ability: Dig               |       |     1 |       |       ||     1
         Lunge             |       |       |    11 |       ||    11
         Whirlwind         |       |       |     6 |     3 ||     9
    Use: Potion            |       |     3 |     1 |       ||     4
   Stab: Confused          |       |       |     1 |       ||     1
         Sleeping          |       |       |     1 |       ||     1
         Distracted        |       |       |     1 |     1 ||     2
 Armour: Scale mail        |    48 |   160 |   175 |    18 ||   401
         Skin              |       |       |     1 |       ||     1
  Dodge: Dodged            |    70 |   153 |   156 |     7 ||   386
  Block: Buckler           |    36 |    95 |   115 |     9 ||   255
